 Dungeon Crawl Stone Soup version 0.21-a0-128-gf2b353c (webtiles) character file.

1444 Gorglomux the Cleaver (level 8, -6/74 HPs)
             Began as a Hill Orc Skald on July 16, 2017.
             Was a Believer of Okawaru.
             Mangled by an orc warrior
             ... wielding a +0 dire flail
              (17 damage)
             ... on level 7 of the Dungeon.
             The game lasted 00:23:27 (10177 turns).

Gorglomux the Cleaver (Hill Orc Skald)             Turns: 10177, Time: 00:23:28

Health: -6/74      AC: 12    Str: 15    XL:     8   Next: 74%
Magic:  9/10       EV:  4    Int: 14    God:    Okawaru [**....]
Gold:   172        SH: 11    Dex: 10    Spells: 6/10 levels left

rFire    . . .     SeeInvis .   b - +2 short sword (venom)
rCold    . . .     Gourm    +   V - +3 shield
rNeg     . . .     Faith    .   S - +0 chain mail
rPois    .         Spirit   .   X - +2 helmet
rElec    .         Reflect  .   (no cloak)
rCorr    .         Harm     .   (no gloves)
MR       .....                  (no boots)
Stlth    ..........             p - amulet of the gourmand
HPRegen  0.22/turn              x - ring of stealth
MPRegen  0.12/turn              (no ring)

@: no status effects
A: no striking features
a: Heroism, Renounce Religion


You were on level 7 of the Dungeon.
You worshipped Okawaru.
Okawaru was pleased with you.
You were completely stuffed.

You visited 2 branches of the dungeon, and saw 8 of its levels.

You collected 284 gold pieces.
You spent 112 gold pieces at shops.

Inventory:

Hand Weapons
 a - a +0 broad axe
 b - a +2 short sword of venom (weapon)
Missiles
 L - 6 javelins
 N - 5 tomahawks
 Z - a throwing net (quivered)
Armour
 S - a +0 chain mail (worn)
 V - a +3 shield (worn)
 X - a +2 helmet (worn)
Jewellery
 p - an amulet of the gourmand (around neck)
 x - a ring of stealth (left hand)
Wands
 D - a wand of digging (0/24)
 E - a wand of enslavement (16/24)
Scrolls
 e - a scroll of enchant weapon
 h - 2 scrolls of fear
 i - 2 scrolls of remove curse
 r - a scroll of fog
 O - a scroll of immolation {unknown}
 P - a scroll of magic mapping {unknown}
 R - 3 scrolls of identify
 T - 5 scrolls of teleportation
 U - a scroll of amnesia {unknown}
Potions
 k - a potion of flight
 Q - a potion of curing
 W - a potion of lignification
 Y - a potion of brilliance
Books
 c - a book of Battle

   Spells                             Type                      Level
   a - Infusion                       Charms                       1
   b - Shroud of Golubria             Charms/Translocation         2
   c - Song of Slaying                Charms                       2
   d - Spectral Weapon                Hexes/Charms                 3
   e - Regeneration                   Charms/Necromancy            3
Comestibles
 d - 3 bread rations
 z - a meat ration
 M - 7 chunks of flesh


   Skills:
 + Level 7.9 Fighting
 + Level 9.1 Axes
 - Level 3.5 Armour
 - Level 1.5 Dodging
 + Level 3.8 Shields
 - Level 1.5 Spellcasting
 - Level 2.6 Charms
 - Level 1.6 Invocations


You had 6 spell levels left.
You knew the following spells:

 Your Spells              Type           Power        Failure   Level  Hunger
a - Infusion              Chrm           #...         100%        1    ##.....
R - Regeneration          Chrm/Necr      #.........   100%        3    ####...


Dungeon Overview and Level Annotations

Branches:
Dungeon (7/15)             Temple (1/1) D:4

Altars:
Ashenzari
Cheibriados
Dithmenos
Elyvilon
Gozag
Hepliaklqana
Kikubaaqudgha
Makhleb
Okawaru
Qazlal
Sif Muna
Trog
Uskayaw
Vehumet
Wu Jian
Xom
Yredelemnul
Zin
The Shining One

Shops:
D:7 (::[(

Annotations:
D:2 Natasha
D:3 1 runed door
D:4 4thArraOfDagon's ghost, novice HuWn


Message History

The orc warrior hits you with a dire flail!!!
The orc warrior hits butt with a dire flail!!!
You closely miss the orc warrior!
The orc wizard casts a spell!
The orc wizard seems to speed up!
The orc warrior hits you with a dire flail!!!
Unknown butt!
You gain the combat prowess of a mighty hero!
The orc warrior hits you with a dire flail!!!!!!
Butt's +2 short sword of venom begins to drip with poison!!!
b - a +2 butt sword of venom (weapon)
You barely miss the orc warrior!
The orc warrior hits butt with a dire flail!!!!!! * * * don't die
* * *
Okay, then!
You see here a royal jelly!
There is a stone staircase leading up here!
You feel like a meek peon again!
The orc warrior butts you with a dire flail!!! rip

#.#....# #.##...
#.#....# #.###.# #
#.##.#.# #.###.#
.#####......#
#<.....
........#.###
#######
###.###...## #
#.......# #
#.......# # #
##@.....#.#
#o....)..# #+
#o#..##..# #.
#.....#..# #.
#o#......#
#.###%.......#
#.o..........#
#...#o##......).#
#.....#.##.......#


You could see an orc warrior, an orc wizard and an orc.

Vanquished Creatures
  2 orc warriors (D:6)
  3 ogres
  A phantom (D:5)
  2 centaurs
  A howler monkey (D:5)
  2 crimson imps
  A bullfrog zombie (D:7)
  An orc priest (D:5)
  4 hounds
  A jelly (D:4)
  An orc wizard (D:6)
  5 worker ants
  7 gnolls
  8 adders
  2 shadow imps
  An ooze (D:6)
  2 adder skeletons
  2 worms (D:2)
  A dart slug (D:1)
  6 leopard geckos
  14 orcs
  4 giant cockroaches
  11 hobgoblins
  6 jackals
  12 kobolds
  A quokka (D:3)
  2 ball pythons
  10 bats
  3 frilled lizards
  9 goblins
  A jackal skeleton (D:5)
  A jackal zombie (D:5)
  2 leopard gecko skeletons
  6 rats
135 creatures vanquished.

Notes
Turn   | Place    | Note
-------+----------+-------------------------------------------
     0 | D:1      | Gorglomux the Hill Orc Skald began the quest for the Orb.
     0 | D:1      | Reached XP level 1. HP: 18/18 MP: 3/3
   336 | D:1      | Reached skill level 3 in Axes
   400 | D:1      | Reached XP level 2. HP: 25/25 MP: 1/4
   451 | D:1      | Reached skill level 3 in Fighting
   916 | D:1      | Reached XP level 3. HP: 4/31 MP: 5/5
  2106 | D:2      | Reached skill level 4 in Axes
  2106 | D:2      | Reached XP level 4. HP: 25/38 MP: 3/6
  2469 | D:2      | Reached skill level 3 in Armour
  2695 | D:2      | Noticed Natasha
  2718 | D:2      | Learned a level 3 spell: Regeneration
  3338 | D:3      | Found a shadowy altar of Dithmenos.
  3638 | D:3      | Found a shimmering altar of Xom.
  3638 | D:3      | Found a shimmering altar of Xom.
  3655 | D:3      | Found a shimmering altar of Xom.
  3656 | D:3      | Found a shimmering altar of Xom.
  3662 | D:3      | You fall through a shaft!
  3686 | D:4      | Reached XP level 5. HP: 45/45 MP: 7/7
  3783 | D:4      | Noticed 4thArraOfDagon's ghost (novice HuWn)
  4011 | D:3      | Found a runed door.
  4667 | D:4      | Reached skill level 5 in Axes
  4739 | D:4      | Found a staircase to the Ecumenical Temple.
  4801 | Temple   | Entered the Ecumenical Temple
  4891 | Temple   | Became a worshipper of Warmaster Okawaru
  5210 | D:5      | Entered Level 5 of the Dungeon
  5476 | D:5      | Reached XP level 6. HP: 4/52 MP: 8/8
  5483 | D:5      | HP: 2/52 [poisoned by an adder]
  5491 | D:5      | HP: 2/52 [poisoned by an adder]
  5910 | D:5      | Reached skill level 6 in Axes
  6118 | D:4      | Got a transparent leather armour
  6129 | D:4      | Identified the +2 leather armour of the Mind {*Slow rF+ SInv} (You took it off a gnoll on level 4 of the Dungeon)
  7025 | D:5      | Noticed a phantom
  7051 | D:5      | Killed a phantom
  7051 | D:5      | Reached XP level 7. HP: 43/61 MP: 9/9
  7157 | D:5      | Reached * piety under Okawaru
  7157 | D:5      | Reached skill level 7 in Axes
  7858 | D:5      | Reached skill level 6 in Fighting
  8260 | D:6      | Reached skill level 1 in Shields
  8481 | D:6      | Reached skill level 8 in Axes
  8598 | D:6      | Reached XP level 8. HP: 52/71 MP: 10/10
  8767 | D:6      | Found a deep blue altar of Sif Muna.
  8792 | D:6      | Found a hazy altar of Hepliaklqana.
  9320 | D:6      | Reached skill level 1 in Invocations
  9502 | D:6      | Reached ** piety under Okawaru
  9659 | D:7      | Reached skill level 3 in Shields
  9867 | D:7      | Found Jamebeiz's Armour Shoppe.
  9898 | D:7      | Found Pijexed's Weapon Boutique.
  9930 | D:7      | Found Luropt's Book Shoppe.
  9947 | D:7      | Found Voetavvixt's Book Boutique.
 10021 | D:7      | Found Ikhiynloch's Antique Weapon Shop.
 10026 | D:7      | Bought a broad axe for 112 gold pieces
 10072 | D:7      | Reached skill level 9 in Axes
 10177 | D:7      | Mangled by an orc warrior

Vault maps used:
D:1:      tarquinn_simple_flora_water_e
D:2:      first_bread, st_stairs_4, uniq_natasha
D:3:      xom_redecorated, nicolae_dithmenos_through_a_glass_darkly,
          uniq_crazy_yiuf_cottage
D:4:      minmay_temple_entry_butterflies
D:6:      lemuel_doored_altar, kennysheep_mini
D:7:      lemuel_coloured_pillars_altar, gammafunk_temple_overflow_wave,
          serial_shops, shop, kennysheep_mini_moat, kennysheep_little_box,
          nicolae_shop_temple_entry_statues_fountains, shop_statue, eino_jars
Temple:   lightli_temple_of_artemis

Skill      XL: |  1  2  3  4  5  6  7  8 |
---------------+-------------------------+-----
Axes           | 3 4 5 6 8 9 |  9.1
Fighting       | 3 4 5 6 7 |  7.9
Armour         | 2 3 |  3.5
Shields        | 2 3 |  3.8
Invocations    | 1 |  1.6
Dodging        | |  1.5
Spellcasting   | |  1.5
Charms         | |  2.6

Action                   |  1- 3 |  4- 6 |  7- 9 || total
-------------------------+-------+-------+-------++-------
Melee: Hand axe          |   121 |    30 |       ||   151
       War axe           |       |   118 |    99 ||   217
       Hunting sling     |       |     6 |       ||     6
       Short sword       |       |    23 |    84 ||   107
       Broad axe         |       |       |    13 ||    13
 Fire: Hunting sling     |    17 |    52 |       ||    69
Throw: Stone             |    17 |       |       ||    17
       Tomahawk          |       |     3 |       ||     3
 Cast: Infusion          |    17 |     3 |       ||    20
       Regeneration      |       |     1 |       ||     1
Invok: Heroism           |       |       |     3 ||     3
Evoke: Wand              |       |       |     1 ||     1
  Use: Potion            |     1 |     4 |       ||     5
       Scroll            |     1 |     6 |     7 ||    14
  Eat: Chunk             |     4 |    20 |    14 ||    38
       Fruit             |       |     1 |       ||     1
Armor: Ring mail         |    39 |    56 |       ||    95
       Chain mail        |       |    87 |   124 ||   211
Dodge: Dodged            |    64 |    94 |    37 ||   195
Block: Shield            |       |       |    75 ||    75
